[Event "*** Titled Tuesday Blitz"]
[Site "Chess.com"]
[Date "2020.05.19"]
[Round "5"]
[White "vova-79"]
[Black "BikingBrian"]
[Result "0-1"]
[WhiteElo "2412"]
[BlackElo "2259"]
[TimeControl "180+1"]
[EndTime "12:57:54 PDT"]
[Termination "BikingBrian won on time"]

1. d4 Nf6 2. Nf3 g6 3. Bf4 Bg7 4. e3 O-O 5. Be2 c5 6. c3 d6 7. O-O b6 8. h3 Bb7 9. Nbd2 Nbd7 10.
Bh2 a6 11. a4 Ra7 12. Re1 Qa8 13. Bd3 Ne4 14. Nxe4 Bxe4 15. Bxe4 Qxe4 16. Nd2 Qb7 17. Qb3 Rfa8 18. dxc5 Nxc5 19. Qc4 b5 20. axb5 axb5 21. Rxa7 Rxa7 22. Qe2 Ra2 23. Rb1 Na4 24. c4 b4 25.
c5 dxc5 26. Qc4 Rxb2 27. Rxb2 Bxb2 28. Nb3 Qd7 29. Bg3 Qd1+ 30. Kh2 Nc3 31. Nxc5 Ne2 32.
h4 h5 33. Kh3 Qh1+ 34. Bh2 Ng1+ 35. Kg3 Be5+ 36. f4 Bd6 37. Ne4 Ne2+ 38. Qxe2 Qb1 39.
Nxd6 exd6 40. Kf2 b3 41. f5 b2 42. Bf4 Qa1 43. fxg6 b1=Q 44. gxf7+ Kxf7 45. Qc4+ Ke7 46. Bg5+ Kd7 47. Qf7+ Kc6 48. Qc4+ Kd7 49. Qf7+ Kc6 50. Qc4+ Kb6 51. Bd8+ Kb7 52. Qc7+ Ka6 53. Qxd6+ Kb5 0-1

[Event "*** Titled Tuesday Blitz"]
[Site "Chess.com"]
[Date "2020.05.19"]
[Round "5"]
[White "calin_dragomirescu"]
[Black "CroissantNeuf"]
[Result "0-1"]
[WhiteElo "2206"]
[BlackElo "2358"]
[TimeControl "180+1"]
[EndTime "12:57:55 PDT"]
[Termination "CroissantNeuf won by resignation"]

1. Nf3 Nf6 2. c4 e6 3. g3 d5 4. Bg2 Nbd7 5. O-O dxc4 6. Qc2 a6 7. Qxc4 b5 8. Qc2 Bb7 9. d3 c5 10. a4 Rc8 11. axb5 axb5 12. Ra7 Qb6 13. Ra1 Be7 14. Be3 Nd5 15. Bg5 Nb4 16. Qd2 f6 17. Be3 Nd5 18. Nc3 Nxe3 19. Qxe3 c4 20. d4 O-O 21. Bh3 f5 22. d5 Qxe3 23. fxe3 Bxd5 24. e4 Bc5+ 25. Kh1 fxe4 26. Nxd5 exd5 27. Ng5 Rxf1+ 28. Rxf1 Rf8 29. Be6+ Kh8 30. Nf7+ Kg8 31. Ng5+ Kh8 32.
Rxf8+ Nxf8 33. Bxd5 e3 34. Kg2 h6 35. Nf7+ Kh7 36.
Ne5 Bd4 37. Ng4 Bxb2 38. Nxe3 Bd4 39. Nc2 Bc5 40. Kf3 Ng6 41. Be4 h5 42. g4 hxg4+ 43. Kxg4 Kh6 44. h4 Ne5+ 45. Kf4 Bd6 46. Kf5 b4 47. Ke6 b3 48. Kxd6 bxc2 49. Bxc2 Ng4 50. Kd5 Ne3+ 51. Kd4 Nxc2+ 52. Kxc4 Ne3+ 53. Kd3 Nf5 54. Ke4 Nxh4 55. Kf4 Ng6+ 56. Kg4 Nf8 57. e4 g5 58. Kf5 Kh5 59. e5 g4 60. Kf6 Nd7+ 61.
Kf7 Nxe5+ 0-1

[Event "*** Titled Tuesday Blitz"]
[Site "Chess.com"]
[Date "2020.05.19"]
[Round "5"]
[White "Anna_Ko_Rnd"]
[Black "AuggieWren"]
[Result "1/2-1/2"]
[WhiteElo "1650"]
[BlackElo "2271"]
[TimeControl "180+1"]
[EndTime "12:57:55 PDT"]
[Termination "Game drawn by repetition"]

1. e4 e6 2. d4 d5 3. Nd2 Be7 4.
c3 c5 5. exd5 Qxd5 6. Ngf3 cxd4 7. Nxd4 Nf6 8. Qf3 O-O 9. Qxd5 Nxd5 10. Be2 e5 11. N4f3 Nc6 12. O-O Nf4 13. Bb5 f6 14. Nb3 Be6 15. Bxf4 exf4 16. Rfe1 Kf7 17. Rad1 Rfd8 18.
Bxc6 bxc6 19. Nfd4 Bd5 20. c4 Bxc4 21. Nxc6 Rxd1 22. Rxd1 Bxb3 23. axb3 Bc5 24. Rd7+ Kg6 25. Kf1 Rc8 26. Nxa7 Bxa7 27. Rxa7 Rc1+ 28. Ke2 Rc2+ 29.
Kf3 Rxb2 30. Rb7 Kg5 31. Rxg7+ Kf5 32. Rb7 h5 33. h3 h4 34. Rb5+ Kg6 35. Rb4 f5 36. g3 fxg3 37. fxg3 hxg3 38. Kxg3 Kg5 39. h4+ Kg6 40. Kf4 Rf2+ 41. Kg3 Rb2 42. Rb8 Rb1 43. b4 Kh5 44. b5 Rb3+ 45. Kg2 Kxh4 46. b6 Kg4 47. b7 Rb2+ 48. Kf1 Kf4 49. Ke1 Rb1+ 50. Kd2 Rb6 51. Kd3 Rb1 52. Kd4 Rb4+ 53. Kc5 Rb1 54. Kc6 Rc1+ 55. Kb6 Rb1+ 56. Kc6 Rc1+ 57. Kb6 Rb1+ 58.
Kc6 1/2-1/2

[Event "*** Titled Tuesday Blitz"]
[Site "Chess.com"]
[Date "2020.05.19"]
[Round "5"]
[White "Misha_Bilous"]
[Black "Siemba"]
[Result "0-1"]
[WhiteElo "2453"]
[BlackElo "2275"]
[TimeControl "180+1"]
[EndTime "12:57:57 PDT"]
[Termination "Siemba won by resignation"]

1. d4 d5 2. c4 c5 3. dxc5 e6 4. cxd5 Nf6 5. d6 Qa5+ 6. Nc3 Qxc5 7. Bf4 e5 8. Bg5 Qxd6 9. e3 Qxd1+ 10. Rxd1 Bb4 11. Bb5+ Bd7 12. Bxd7+ Nbxd7 13. Ne2 Ne4 14. Bh4 Nxc3 15. Nxc3 Rc8 16. O-O Bxc3 17. bxc3 f6 18. Rd2 Rxc3 19. Rfd1 Rc7 20. f4 Ke7 21. Rd5 exf4 22.
exf4 Nb6 23. R5d3 Rd7 24. Re1+ Kf7 25. Rb3 Rhd8 26. Bf2 Rd1 27. Kf1 Rxe1+ 28. Kxe1 Rd6 29. a4 Re6+ 30. Kd1 Nxa4 31. Rxb7+ Kg6 32. g4 Nc3+ 33. Kc2 Re2+ 34. Kxc3 Rxf2 35. f5+ Kh6 36. h4 Rg2 37. g5+ fxg5 38. h5 Rf2 39. Rxa7 Rxf5 40. Kd3 g6 41.
Ra6 Rf4 42. Ke3 Kxh5 43. Ra7 Kh6 44. Ra1 Rf5 45. Rh1+ Kg7 46. Rc1 h5 47. Rc8 Kh6 48.
Rh8+ Kg7 49. Rb8 g4 50. Ke4 g3 51. Rb3 h4 52. Rb7+ Kf6 53. Rb2 Kg5 54. Rb6 g2 55.
Rb3 g1=Q 56. Re3 Qg4+ 57. Kd3 Rf3 0-1

[Event "*** Titled Tuesday Blitz"]
[Site "Chess.com"]
[Date "2020.05.19"]
[Round "5"]
[White "Incognito2525"]
[Black "GMALMEIDA"]
[Result "1/2-1/2"]
[WhiteElo "2505"]
[BlackElo "2679"]
[TimeControl "180+1"]
[EndTime "12:57:58 PDT"]
[Termination "Game drawn by repetition"]

1. e4 d6 2. Nf3 Nf6 3. Nc3 g6 4. d4 Bg7 5. Bc4 O-O 6. Qe2 c6 7.
e5 Ne8 8. h4 Bg4 9. h5 gxh5 10.
e6 d5 11. Bd3 fxe6 12. Bxh7+ Kxh7 13. Ng5+ Kg8 14. f3 Bf5 15. g4 hxg4 16. fxg4 Bg6 17.
Nxe6 Qd6 18. Nxf8 Kxf8 19. Bf4 Qxf4 20. Rf1 Qxf1+ 21. Qxf1+ Kg8 22. O-O-O Nd7 23. Qe2 Bf6 24. Qe6+ Kg7 25. Qxd7 Nd6 26. Re1 Kf7 27. Re6 Nc4 28. b3 Nb6 29. Rxf6+ Kxf6 30. g5+ Kf7 31. Qxb7 Rh8 32.
Kb2 Rh2 33. Qxc6 Rxc2+ 34. Ka3 e6 35. Kb4 Ke7 36. Qc7+ Nd7 37. Qxa7 Bf5 38. a4 Rg2 39.
a5 Rxg5 40. a6 Rg8 41. Nb5 Rb8 42. Ka5 Bd3 43. Nc3 Rxb3 44. Qc7 Ra3+ 45. Kb4 Rxa6 46. Na4 Rd6 47. Nc5 Bf5 48. Kc3 Bg6 49. Nxd7 Rxd7 50.
Qc5+ Kf7 51. Kd2 Bf5 52. Ke3 Kg6 53. Kf4 Rf7 54. Ke5 Rg7 55. Qd6 Rf7 56. Qd8 Kg7 57. Qg5+ Kf8 58. Qh6+ Kg8 59. Qg5+ Kh7 60. Qh4+ Kg7 61.
Qg5+ Kh7 62. Qh4+ Kg7 63. Qg5+ 1/2-1/2

[Event "*** Titled Tuesday Blitz"]
[Site "Chess.com"]
[Date "2020.05.19"]
[Round "5"]
[White "MartinCerveny"]
[Black "AEMEffi"]
[Result "1/2-1/2"]
[WhiteElo "2442"]
[BlackElo "2301"]
[TimeControl "180+1"]
[EndTime "12:57:58 PDT"]
[Termination "Game drawn by agreement"]

1. d4 Nf6 2. c4 g6 3. Nc3 d5 4. cxd5 Nxd5 5. e4 Nxc3 6. bxc3 Bg7 7. Nf3 O-O 8. Be2 b6 9. O-O Bb7 10. Qd3 Nd7 11. Bg5 c5 12. e5 Qc7 13. Qe3 Rae8 14.
Bh6 e6 15. Bxg7 Kxg7 16. h4 Bxf3 17. Bxf3 f6 18. exf6+ Nxf6 19. Rfe1 Nd5 20. Bxd5 exd5 21. Qg5 cxd4 22. cxd4 Qd6 23. Re5 Rxe5 24. dxe5 Qc5 25. Qg3 d4 26. Re1 Qc3 27. f3 d3 28. e6 d2 29. Rd1 Re8 30. Qd6 Qe3+ 31. Kh2 Rxe6 32.
Qxd2 Qxd2 33. Rxd2 Re7 34. Rd6 Rb7 35. g4 a5 36. a4 b5 37. axb5 Rxb5 38. Ra6 h5 39. g5 Rf5 40. Kg3 Kh7 41. Ra7+ Kg8 42. Kf2 Kf8 43. Ke3 Kg8 44. Ke4 Kf8 45. f4 Kg8 46. Rc7 Rb5 47. Rc4 Kf7 48. Kd3 Rf5 49.
Kc3 Rd5 50. Re4 Rc5+ 51. Kb3 Rd5 52. Ka4 Rd3 53. Rc4 Rh3 54. Rc7+ Kf8 55. Kxa5 Rxh4 56.
Rc4 Rg4 57. Kb5 h4 58. Kc5 h3 59.
Kd5 h2 60. Rc8+ Kf7 61. Rh8 Rxf4 62. Rxh2 Rf5+ 63. Ke4 Rxg5 64. Kf4 Rf5+ 65. Kg4 Kf6 1/2-1/2

[Event "*** Titled Tuesday Blitz"]
[Site "Chess.com"]
[Date "2020.05.19"]
[Round "5"]
[White "Buffy7"]
[Black "MidnightFox"]
[Result "1-0"]
[WhiteElo "2640"]
[BlackElo "2477"]
[TimeControl "180+1"]
[EndTime "12:57:59 PDT"]
[Termination "Buffy7 won by checkmate"]

1. d4 Nf6 2. c4 g6 3. Nc3 d5 4.
cxd5 Nxd5 5. e4 Nxc3 6. bxc3 Bg7 7. Bc4 O-O 8. Ne2 c5 9. Be3 Nc6 10. h4 h5 11. O-O Bg4 12. f3 Bd7 13. a4 Qa5 14.
Rc1 Rac8 15. e5 Rfd8 16. Qb3 Be8 17. Rfd1 Qc7 18. Qb1 Na5 19. Ba2 Bxa4 20. Qxg6 c4 21. Qxh5 Bxd1 22. Rxd1 Bxe5 23. Bb1 Bg7 24. Qh7+ Kf8 25.
Bh6 Ke8 26. Qxg7 Qb6 27. Bf5 e6 28. Qf8+ Kd7 29. Qxf7+ Kc6 30. Be4+ Kb5 31. Be3 Qc7 32. Qh5+ Ka6 33. Ra1 b5 34. Qg6 Re8 35. h5 Qd6 36. h6 Rg8 37. Qf6 Rcf8 38. Qe5 Qxe5 39. dxe5 Rd8 40. h7 Rh8 41. Kf2 Rd7 42. Bc5 Rdxh7 43.
Bxh7 Rxh7 44. Bb4 Kb6 45. Rxa5 a6 46. Ra1 Rd7 47. Nd4 Rd5 48. f4 Rd7 49. Ke3 Rf7 50.
g4 Rh7 51. Nxe6 Rh3+ 52. Ke4 Rd3 53. g5 a5 54. Bxa5+ Kc6 55. Bb4 Rd7 56. g6 Ra7 57. Rxa7 Kb6 58. Ra8 Kc6 59. g7 Kb6 60. g8=Q Kc6 61.
Qc8+ Kb6 62. Qc7# 1-0

[Event "*** Titled Tuesday Blitz"]
[Site "Chess.com"]
[Date "2020.05.19"]
[Round "5"]
[White "Azatic"]
[Black "spectralsoul"]
[Result "1-0"]
[WhiteElo "2624"]
[BlackElo "2841"]
[TimeControl "180+1"]
[EndTime "12:58:01 PDT"]
[Termination "Azatic won by resignation"]

1. e4 g6 2. d4 Bg7 3. Nc3 c6 4.
f4 d5 5. e5 Nh6 6. Nf3 O-O 7.
Be2 Bg4 8. O-O f6 9. h3 Bxf3 10.
Bxf3 e6 11. Ne2 c5 12. exf6 Qxf6 13. dxc5 Na6 14. Be3 Nf5 15. Bf2 Qxb2 16. Rb1 Qa3 17. Rxb7 Ne3 18. Rxg7+ Kxg7 19. Qd4+ Kg8 20. Bxe3 Rac8 21.
Qe5 Nxc5 22. Bd4 Kf7 23. Qg7+ Ke8 24. Qxh7 Qxa2 25. Qxg6+ Ke7 26. Ra1 Qc4 27. Rxa7+ Kd6 28. Qg7 Kc6 29. Kh2 Rg8 30. Qe7 Rge8 31. Qxc5+ Qxc5 32.
Bxc5 Kxc5 33. c3 Kd6 34. h4 Ra8 35. Rxa8 Rxa8 36. h5 Ra2 37. g4 Ke7 38. Kg3 Kf7 39. g5 Rd2 40. h6 Rd3 41. Kf2 Kg6 42. Ng3 Rxc3 43. Bh5+ Kh7 44. Bf7 Rc2+ 45. Kf3 Rc3+ 46. Kg4 Re3 47. Nh5 Re1 48. Nf6+ Kh8 49. g6 Rg1+ 50. Kf3 d4 51. Kf2 Rxg6 52. Bxg6 e5 53.
fxe5 d3 54. Nh5 d2 55. Ke2 Kg8 56. Kxd2 Kh8 57. e6 Kg8 58. e7 1-0

[Event "*** Titled Tuesday Blitz"]
[Site "Chess.com"]
[Date "2020.05.19"]
[Round "5"]
[White "themind1hunter"]
[Black "GjakanTati"]
[Result "1-0"]
[WhiteElo "2395"]
[BlackElo "2624"]
[TimeControl "180+1"]
[EndTime "12:58:02 PDT"]
[Termination "themind1hunter won by resignation"]

1. e4 e5 2. Nf3 Nc6 3. Bb5 Nf6 4. O-O Nxe4 5. Re1 Nd6 6. Nxe5 Be7 7. Bf1 Nxe5 8.
Rxe5 O-O 9. d4 Bf6 10. Re1 Re8 11. Rxe8+ Nxe8 12. d5 d6 13. Nd2 Bf5 14. g3 g6 15.
c3 Ng7 16. Bg2 Qe7 17. Nc4 h5 18. Be3 h4 19. Na5 b6 20. Nc6 Qd7 21. Nd4 Bg4 22. Qf1 Re8 23. h3 Bxd4 24. Bxd4 Be2 25. Qc1 Nf5 26. Bf6 hxg3 27. fxg3 Kh7 28. Qg5 Re3 29.
g4 Rg3 30. Qf4 Bf3 31. gxf5 Rxg2+ 32. Kf1 Qxf5 33. Qh4+ Qh5 34. Qxh5+ gxh5 35. c4 Rh2 36. Re1 Rxh3 37. Re7 Kg6 38. Bc3 Rh1+ 39. Kf2 Bg4 40. Rxc7 h4 41. Rc6 Rh2+ 42. Kg1 Rc2 43. Rxd6+ Kh5 44. Rd8 Bf3 45. Rh8+ Kg4 46. d6 h3 47.
d7 Rc1+ 48. Kf2 h2 49. d8=Q Rc2+ 50. Ke3 Re2+ 51. Kd4 h1=Q 52. Qg8+ Kf5 53. Rxh1 Bxh1 54. Qh7+ Kg4 55. Qxh1 1-0

[Event "*** Titled Tuesday Blitz"]
[Site "Chess.com"]
[Date "2020.05.19"]
[Round "5"]
[White "hellokostya"]
[Black "Chess_Boxer123"]
[Result "0-1"]
[WhiteElo "2400"]
[BlackElo "2567"]
[TimeControl "180+1"]
[EndTime "12:58:02 PDT"]
[Termination "Chess_Boxer123 won on time"]

1. d4 d5 2. c4 c6 3. cxd5 cxd5 4.
Bg5 f6 5. Bf4 Nc6 6. Nc3 e5 7.
dxe5 fxe5 8. Bd2 Nf6 9. e3 Bb4 10. a3 Ba5 11. Nf3 O-O 12. Qb3 Kh8 13. O-O-O d4 14.
exd4 exd4 15. Nb1 Bf5 16. Bd3 Bxd2+ 17. Nbxd2 Na5 18. Qb5 Qd5 19. Qxd5 Rac8+ 20. Nc4 Nxd5 21. Bxf5 Rxf5 22. Kb1 Nxc4 23. Rxd4 Ncb6 24. Rhd1 h6 25. Nh4 Rg5 26. g3 Kh7 27. f4 Rh5 28. Nf3 Re8 29. Ne5 Nf6 30. Rc1 Re7 31. Rd8 Rxh2 32. Rb8 Rd2 33.
Nf3 Rdd7 34. Rh1 Re8 35. Rxe8 Nxe8 36. Ng5+ Kg6 37. Nf3 Re7 38. Ne5+ Kf5 39. Rd1 Nf6 40. Rf1 Ng4 41. Nf3 Ne3 42. Nh4+ Kg4 43. Rg1 Nbd5 44. Ng6 Rc7 45. Ne5+ Kh3 46. g4 Nxf4 47. g5 h5 48. g6 h4 49. Nf3 Nfg2 50. Ng5+ Kg4 51. Ne6 Re7 52. Nd4 h3 53. Rh1 Re4 54. Ne2 Re6 55. Ng1 Nf4 56. Rh2 Neg2 57. Nxh3 Kg3 58. Rh1 Nxh3 59. Rc1 Re1 0-1

[Event "*** Titled Tuesday Blitz"]
[Site "Chess.com"]
[Date "2020.05.19"]
[Round "5"]
[White "Pultis"]
[Black "JoakimVonAnd"]
[Result "0-1"]
[WhiteElo "2740"]
[BlackElo "2462"]
[TimeControl "180+1"]
[EndTime "12:58:03 PDT"]
[Termination "JoakimVonAnd won on time"]

1. Nf3 d5 2. c4 c6 3. e3 Nf6 4. b3 Bf5 5. Bb2 e6 6. Be2 h6 7. O-O Nbd7 8. Nc3 Be7 9. d4 O-O 10. Bd3 Ne4 11. Qc2 Ndf6 12. Ne5 Bh7 13. Rad1 a5 14. f3 Nxc3 15. Bxh7+ Nxh7 16. Bxc3 Nf6 17. e4 a4 18. Kh1 axb3 19. axb3 Qc7 20. Rde1 Ra3 21.
Bb2 Ra2 22. Qb1 Rfa8 23. Bc1 Bb4 24. Rd1 Re2 25. Nd3 Raa2 26. e5 Bc3 27. Nf4 Rec2 28. c5 g5 29. Nd3 Rxg2 30. Bb2 Raxb2 31. Nxb2 Rxb2 32. Qc1 Bxd4 33. Rxd4 Rxh2+ 34. Kxh2 Qxe5+ 35. Kg2 Qxd4 36. Rh1 Kg7 37. Rd1 Qe5 38. Qa1 Qf5 39.
Rg1 Kg6 40. Qc3 Nh5 41. Qe3 Nf4+ 42. Kf2 Qc2+ 43. Kf1 Qd1+ 44. Kf2 Nh3+ 45. Kg2 Qxg1+ 46. Kxh3 Qxe3 47. Kg2 Qe2+ 48. Kg3 h5 49. Kh3 h4 50. f4 Qf3+ 0-1

[Event "*** Titled Tuesday Blitz"]
[Site "Chess.com"]
[Date "2020.05.19"]
[Round "5"]
[White "MF1966Idrisov"]
[Black "LimeInTheCoconut"]
[Result "0-1"]
[WhiteElo "2335"]
[BlackElo "2507"]
[TimeControl "180+1"]
[EndTime "12:58:03 PDT"]
[Termination "LimeInTheCoconut won on time"]

1. Nf3 Nf6 2. b3 d5 3. Bb2 Bg4 4. e3 e6 5. d4 Bd6 6. Be2 O-O 7.
Nbd2 Nbd7 8. Ne5 Bxe2 9. Qxe2 Qe7 10. a3 c5 11. O-O cxd4 12. exd4 Rac8 13. c4 dxc4 14.
Ndxc4 Nd5 15. g3 Nxe5 16. dxe5 Bc5 17. b4 Bb6 18. Nd6 Rcd8 19. Rac1 f5 20. Rfd1 f4 21. Bd4 fxg3 22. hxg3 Bxd4 23. Rxd4 Qg5 24. Rcc4 Ne7 25. Rg4 Qh6 26. Rc7 Ng6 27. Rxb7 Qh5 28. Qe4 Qh6 29.
Rc7 Qd2 30. Qe3 Qd1+ 31. Kg2 Qxg4 32. Qxa7 Nxe5 33. Nf7 Qf3+ 34. Kg1 Rxf7 35. Qc5 Rxc7 36. Qxc7 Qd5 37. Qe7 Nf3+ 38. Kf1 Qd7 39. Qc5 Ng5 40. Qc4 Nf7 41. Qh4 Qd3+ 42. Kg2 Qd5+ 43. Kh2 Qg5 44.
Qc4 Rf8 45. Qxe6 Qf6 46. Qc4 Kh8 47. Kg1 Ne5 48. Qc5 Nf3+ 49. Kg2 Ng5 50. Qe3 Nf7 51. Qc5 Nd6 52. Kg1 Ne4 53. Qe3 Nxf2 0-1

[Event "*** Titled Tuesday Blitz"]
[Site "Chess.com"]
[Date "2020.05.19"]
[Round "5"]
[White "Hippotaner"]
[Black "korbul"]
[Result "1/2-1/2"]
[WhiteElo "2316"]
[BlackElo "2449"]
[TimeControl "180+1"]
[EndTime "12:58:03 PDT"]
[Termination "Game drawn by repetition"]

1. e4 c5 2. Nf3 e6 3. d3 d5 4.
Nbd2 Nf6 5. g3 Nc6 6. Bg2 Be7 7.
O-O O-O 8. Re1 Rb8 9. e5 Ne8 10. h4 b5 11. Nf1 Nc7 12. Bf4 b4 13. Ne3 Nb5 14. h5 Nbd4 15. Ng4 Nxf3+ 16. Qxf3 Nd4 17. Qd1 a5 18. h6 g6 19. c3 Nf5 20. Bh3 Ba6 21. Nf6+ Bxf6 22. exf6 Qxf6 23. Bxb8 Rxb8 24. Qf3 Qg5 25. Bxf5 gxf5 26. d4 cxd4 27. cxd4 Qxh6 28. Rac1 b3 29. axb3 Qg5 30. Rc7 h5 31. Ra7 Rb6 32. Qe3 Qxe3 33. Rxe3 Kg7 34. Rc3 Be2 35. Rcc7 Rxb3 36. Rxf7+ Kg6 37. Rg7+ Kh6 38. Rh7+ Kg6 39.
Rag7+ Kf6 40. Rf7+ Kg6 41. Rhg7+ Kh6 42. Rh7+ Kg6 43.
Rfg7+ Kf6 44. f4 Bg4 45. Ra7 Kg6 46. Rhg7+ Kh6 47. Rge7 Re3 48. Rh7+ Kg6 49. Rhg7+ Kh6 50. Rh7+ Kg6 51. Rag7+ Kf6 52. Rf7+ Kg6 53. Rhg7+ Kh6 54. Rh7+ Kg6 55. Rhg7+ Kh6 56. Rh7+ Kg6 1/2-1/2

[Event "*** Titled Tuesday Blitz"]
[Site "Chess.com"]
[Date "2020.05.19"]
[Round "5"]
[White "MergenKakabaev"]
[Black "YellowJacek"]
[Result "1-0"]
[WhiteElo "2448"]
[BlackElo "2293"]
[TimeControl "180+1"]
[EndTime "12:58:03 PDT"]
[Termination "MergenKakabaev won by resignation"]

1. e4 c5 2. Nf3 d6 3. d4 cxd4 4. Nxd4 Nf6 5. Nc3 g6 6. Be2 Bg7 7. Be3 O-O 8. O-O Nc6 9. Qd2 d5 10. Nxc6 bxc6 11. e5 Ne4 12. Nxe4 dxe4 13. Qc3 Qc7 14.
Bf4 Be6 15. Rfe1 Rad8 16. Bg3 Rd5 17. Bc4 Rc5 18. Rxe4 Bxc4 19. Rxc4 Rxc4 20. Qxc4 Bxe5 21. Re1 Bxg3 22. hxg3 Rd8 23. b4 Rd5 24. Qe4 e6 25. c4 Rd2 26. a3 Qd6 27. c5 Qd7 28. g4 Rd3 29. Re3 Rxe3 30. Qxe3 Qd1+ 31. Kh2 Qxg4 32. Qe5 Qh4+ 33. Kg1 Qd8 34. g3 h6 35. Qf4 h5 36.
a4 Qd1+ 37. Kg2 Qxa4 38. Qd6 Qb5 39. Qd8+ Kg7 40. Qd4+ Kg8 41. Qd8+ Kg7 42. Qd4+ Kh7 43. Qf6 Qb7 44. Qf4 Qd7 45. Qd6 Qb7 46. Qf4 Kg8 47. Qd6 Qxb4 48. Qxc6 a5 49. Qa8+ Kg7 50. c6 Qe4+ 51.
Kg1 a4 52. Qa6 a3 53. c7 Qe1+ 54. Kg2 Qc3 55. c8=Q Qxc8 56. Qxc8 1-0

[Event "*** Titled Tuesday Blitz"]
[Site "Chess.com"]
[Date "2020.05.19"]
[Round "5"]
[White "Tormoz"]
[Black "realmadridtv"]
[Result "1-0"]
[WhiteElo "2674"]
[BlackElo "2477"]
[TimeControl "180+1"]
[EndTime "12:58:05 PDT"]
[Termination "Tormoz won by resignation"]

1. d4 Nf6 2. Nf3 g6 3. g3 Bg7 4. Bg2 O-O 5. O-O b6 6. Ne5 c6 7.
c4 Qc7 8. Nc3 d6 9. Nf3 Bb7 10.
Bf4 Nbd7 11. d5 cxd5 12. cxd5 Nc5 13. Nd4 a6 14. Rc1 e5 15. dxe6 fxe6 16. Bxb7 Qxb7 17. Bxd6 Rfd8 18. Bxc5 bxc5 19. Qb3 Qxb3 20. Nxb3 c4 21. Nc5 Rd2 22. Nxe6 Rxb2 23. Rb1 Rab8 24. Rxb2 Rxb2 25. Nxg7 Kxg7 26. Rc1 Kf7 27. Kf1 Ke6 28. Ke1 Ng4 29.
h3 Ne5 30. Kd1 Kd6 31. Rb1 Rxb1+ 32. Nxb1 Kc5 33. Kc2 Kd4 34. Nd2 a5 35. a3 a4 36.
Nb1 Nd7 37. e3+ Ke4 38. Nd2+ Kd5 39. Kc3 Ne5 40. f4 Nd3 41. Nxc4 Nf2 42. Nd2 Nxh3 43.
e4+ Kc5 44. e5 Nf2 45. Kc2 Ng4 46. Kd3 Kd5 47. Ne4 h5 48. Nc3+ Kc5 49. Nxa4+ Kb5 50. Nc3+ Kc5 51. Ne4+ Kc6 52. Nf6 Nf2+ 53. Kd4 Nh1 54. Ne4 Kd7 55. a4 Ke7 56. a5 Nxg3 57. Nxg3 h4 58. Nf1 1-0

[Event "*** Titled Tuesday Blitz"]
[Site "Chess.com"]
[Date "2020.05.19"]
[Round "5"]
[White "ClassyEl"]
[Black "ajdemipopushi"]
[Result "0-1"]
[WhiteElo "2476"]
[BlackElo "2305"]
[TimeControl "180+1"]
[EndTime "12:58:07 PDT"]
[Termination "ajdemipopushi won on time"]

1. d4 Nf6 2. Bg5 c5 3. Bxf6 gxf6 4. d5 Qb6 5. Qc1 f5 6. e3 Bg7 7. c3 e5 8. a4 Qg6 9. Na3 d6 10. h4 h5 11. g3 Bh6 12. Bh3 Ke7 13. Ne2 Nd7 14.
Qc2 Nf6 15. Nc4 b6 16. b4 Bd7 17. bxc5 bxc5 18. Na5 Ng4 19. Nc6+ Kf6 20. a5 Rhg8 21. Qd3 Kg7 22. Rb1 Qf6 23. Rb7 Bxc6 24. dxc6 Rac8 25.
Bg2 e4 26. Qd2 Rxc6 27. Rxa7 Rb8 28. O-O Ne5 29. Nf4 Bxf4 30. exf4 Nd3 31. Qe2 Kg6 32. Rd1 Rb2 33. Rd2 Rxd2 34. Qxd2 d5 35. Bf1 c4 36.
Be2 d4 37. cxd4 Qxd4 38. Ra8 c3 39. Bxh5+ Kxh5 40. Qe2+ Kg6 41. Rg8+ Kf6 42. g4 Qxf2+ 43. Qxf2 Nxf2 44. g5+ Ke7 45. a6 Rxa6 46. Rc8 Nd3 47. Rxc3 Nxf4 48. Rc5 Ne2+ 49. Kf2 Nd4 50. Ke3 Rd6 51.
h5 Ne6 52. Rxf5 Rd3+ 53. Kxe4 Rg3 0-1

[Event "*** Titled Tuesday Blitz"]
[Site "Chess.com"]
[Date "2020.05.19"]
[Round "5"]
[White "hansen"]
[Black "SketchyMoves"]
[Result "0-1"]
[WhiteElo "2938"]
[BlackElo "2639"]
[TimeControl "180+1"]
[EndTime "12:58:08 PDT"]
[Termination "SketchyMoves won by resignation"]

1. e4 c6 2. Nc3 d5 3. Nf3 dxe4 4.
Nxe4 Nf6 5. d3 Nxe4 6. dxe4 Qxd1+ 7. Kxd1 Bg4 8. Be2 Nd7 9. Nd2 Bxe2+ 10. Kxe2 e6 11.
a4 Bd6 12. f3 Bc7 13. Nc4 Ne5 14. Bf4 Nxc4 15. Bxc7 Rc8 16. Bg3 f6 17. b3 Nb6 18.
Rhd1 Rd8 19. Bf2 Nc8 20. a5 Rf8 21. Rxd8+ Kxd8 22. Rd1+ Ke8 23. c4 Rf7 24. e5 f5 25.
h4 Rd7 26. Rg1 a6 27. Bc5 Ne7 28. Bd6 Ng6 29. g3 Nh8 30. h5 Nf7 31. c5 Ng5 32. Ke3 Kf7 33. g4 f4+ 34. Ke2 h6 35. Rd1 Kg8 36. Rd4 Rf7 37. Kf2 Kh7 38. Kg2 g6 39.
Bb8 gxh5 40. gxh5 Rg7 41. Rxf4 Rf7 42. Rxf7+ Nxf7 43. Kg3 Ng5 44. Kg4 Kg7 45. Bc7 Kf7 46. Bd8 Nh7 47. f4 Nf8 48. Bf6 Nd7 49. f5 Nxc5 50.
fxe6+ Nxe6 51. b4 c5 52. bxc5 Nxc5 53. Kf5 Ne6 54. Ke4 Nc5+ 55. Kd5 Ne6 56. Kd6 Nf4 57. Kc7 Nxh5 58. Kxb7 Nxf6 59. exf6 h5 60. Kxa6 h4 61. Kb6 h3 62. a6 h2 63. Kc7 h1=Q 64. Kb8 Qb1+ 65. Ka7 Qb5 0-1

[Event "*** Titled Tuesday Blitz"]
[Site "Chess.com"]
[Date "2020.05.19"]
[Round "5"]
[White "Paul66666"]
[Black "TreinadorBR"]
[Result "1-0"]
[WhiteElo "2598"]
[BlackElo "2259"]
[TimeControl "180+1"]
[EndTime "12:58:08 PDT"]
[Termination "Paul66666 won on time"]

1. b3 c5 2. Bb2 d5 3. e3 a6 4. Nf3 Nc6 5. d4 Bg4 6. dxc5 Nf6 7. c4 e6 8. cxd5 Nxd5 9. a3 Bxc5 10. Be2 O-O 11.
O-O Qe7 12. b4 Bd6 13. h3 Bh5 14. Qb3 Rfd8 15. Nbd2 Rac8 16. Ne4 Bb8 17. Rfd1 Qc7 18. g3 Nce7 19. Rac1 Qb6 20. Rxc8 Rxc8 21. Nc5 Qc7 22. Be5 Qb6 23. Bxb8 Rxb8 24. Nd7 Qc7 25. Nxb8 Qxb8 26.
e4 Nf6 27. Qd3 Nc6 28. a4 Bg6 29. Nd2 h5 30. b5 axb5 31. axb5 Ne5 32. Qd4 Kh7 33. f4 Ned7 34. Bf3 e5 35. Qe3 exf4 36. gxf4 Qe8 37. Re1 Kh8 38. f5 Bh7 39. e5 Ng8 40. e6 Ndf6 41. e7 g5 42. Qxg5 Qxe7 43. Rxe7 Nxe7 44. Qxf6+ Kg8 45. Qxe7 Bxf5 46. Qg5+ Bg6 47.
Qf4 Kg7 48. Qc7 Kh7 49. Qxb7 Kh6 50. Qc6 Kg5 51. Qc7 h4 52. Qd6 Kh6 53. b6 Kg5 54. Qd4 f5 55. Bg2 f4 56. Kf2 Bc2 57. Nf3+ Kg6 58. Qe5 Kh7 59. Ng5+ 1-0

[Event "*** Titled Tuesday Blitz"]
[Site "Chess.com"]
[Date "2020.05.19"]
[Round "5"]
[White "FedaMaster"]
[Black "Doukis"]
[Result "0-1"]
[WhiteElo "2520"]
[BlackElo "2382"]
[TimeControl "180+1"]
[EndTime "12:58:09 PDT"]
[Termination "Doukis won by resignation"]

1. e4 e5 2. Nf3 Nc6 3. Bb5 Nf6 4. O-O Nxe4 5. Re1 Nd6 6. Nxe5 Be7 7. Bf1 Nxe5 8. Rxe5 O-O 9. d4 Ne8 10. c4 Bd6 11.
Re1 c6 12. Nc3 Bc7 13. g3 d5 14. cxd5 cxd5 15. Bg2 Be6 16. Qb3 Bb6 17. Bxd5 Bxd5 18. Nxd5 Bxd4 19. Bf4 Nf6 20. Ne7+ Kh8 21. Rad1 Qb6 22.
Re2 Rfe8 23. Qxf7 Ng8 24. Rde1 Bc5 25. Ng6+ Qxg6 26. Qxg6 Rxe2 27. Qb1 Bxf2+ 28. Kg2 Bxe1+ 29. Kf3 Rae8 30. h4 Bd2 31. Bc7 R8e3+ 32. Kg4 Re4+ 33. Kf3 R2e3+ 34. Kf2 Be1+ 35. Kf1 Bb4 36. Qc2 Re1+ 37. Kf2 R4e2+ 38. Qxe2 Rxe2+ 39. Kxe2 Nf6 40. Bb8 a5 41. Kd3 Kg8 42. Kc4 Kf7 43. Bc7 Ke6 44. a3 Bd6 45. Bxa5 Bxg3 46. h5 Nxh5 47. Kb5 Bf2 48. Bb6 Bxb6 49.
Kxb6 Nf6 50. a4 h5 51. Kxb7 h4 52. a5 h3 53. a6 h2 54. a7 h1=Q+ 55. Kb8 Qh2+ 56.
Kc8 Qg2 57. Kb8 Qg3+ 58. Ka8 Qf3+ 59. Kb8 Nd7+ 60. Kc7 Qa8 0-1

[Event "*** Titled Tuesday Blitz"]
[Site "Chess.com"]
[Date "2020.05.19"]
[Round "5"]
[White "ChocolateRoses"]
[Black "GlennTipton"]
[Result "0-1"]
[WhiteElo "2263"]
[BlackElo "2479"]
[TimeControl "180+1"]
[EndTime "12:58:09 PDT"]
[Termination "GlennTipton won on time"]

1. Nf3 Nf6 2. g3 d5 3. Bg2 c6 4. O-O Bf5 5. d3 e6 6. c4 Nbd7 7. cxd5 cxd5 8. Nc3 Be7 9. Bd2 O-O 10. a3 Rc8 11. b4 e5 12. Qb3 d4 13. Nb1 Be6 14.
Qb2 Nd5 15. Rc1 Rxc1+ 16. Bxc1 f6 17. Nbd2 Nc3 18. Ne4 Nxe4 19. dxe4 Nb6 20. Ne1 Qc7 21. Nd3 Rc8 22. Bd2 Qc2 23. Rc1 Qxb2 24. Rxc8+ Nxc8 25. Nxb2 Nd6 26. e3 Nb5 27. a4 Nc3 28. exd4 Ne2+ 29.
Kf1 Nxd4 30. Ke1 Bxb4 31. Bxb4 Nc2+ 32. Kd2 Nxb4 33. Bf1 Kf7 34. Kc3 Nc6 35. Nc4 Bxc4 36. Bxc4+ Ke7 37. Bg8 h6 38. Bd5 Kd6 39. Kb3 Kc5 40. Kc3 a6 41. Be6 b5 42. axb5 axb5 43.
Bd5 b4+ 44. Kd3 Nd4 45. Bf7 Kb5 46. f4 Ka4 47. fxe5 fxe5 48. Kd2 Ka3 49. Kc1 b3 50. Kb1 Ne2 51. h3 Nc3+ 52. Kc1 b2+ 53. Kc2 b1=Q+ 54. Kxc3 Qxe4 0-1